 Dungeon Crawl Stone Soup version 0.19.5 (webtiles) character file.

2764 tricornhat the Carver (level 9, -4/69 HPs)
             Began as a Demonspawn Gladiator on Mar 9, 2017.
             Slain by a sun demon (17 damage)
             ... summoned by an obsidian statue
             ... on level 10 of the Dungeon.
             The game lasted 00:54:24 (5970 turns).

tricornhat the Carver (Demonspawn Gladiator)        Turns: 5970, Time: 00:54:25

Health: -4/69      AC:  7    Str: 16    XL:     9   Next: 42%
Magic:  9/9        EV: 14    Int: 11    God:    Xom [...*..]
Gold:   362        SH:  8    Dex: 15    Spells: 0 memorised, 8 levels left

rFire  . . .     SeeInvis .     w - +0 war axe (freeze)
rCold  . . .     Gourm    .     q - +0 scale mail
rNeg   . . .     Faith    .     c - +1 shield
rPois  .         Spirit   .     (helmet restricted)
rElec  .         Reflect  .     (no cloak)
rCorr  .         Harm     .     (no gloves)
MR     +....                    (no boots)
Stlth  +.........               (no amulet)
                                u - +5 ring of evasion
                                g - ring of protection from magic

@: lethally poisoned (-4 -> -23)
A: claws 2, horns 1, demonic guardian 1, spiny 1
a: Renounce Religion


You were on level 10 of the Dungeon.
You worshipped Xom.
You were a favourite toy of Xom.
You were not hungry.

You visited 2 branches of the dungeon, and saw 11 of its levels.

You collected 362 gold pieces.

Inventory:

Hand Weapons
 j - a +0 shortbow
 r - a +1 mace of crushing
 w - a +0 war axe of freezing (weapon)
Missiles
 d - a throwing net
 l - 33 arrows (quivered)
Armour
 b - a +0 leather armour
 c - a +1 shield (worn)
 q - a +0 scale mail (worn)
Jewellery
 a - a +6 ring of strength {unknown}
 g - a ring of protection from magic (left claw)
 u - a +5 ring of evasion (right claw)
 y - an uncursed ring of protection from magic
Wands
 z - a wand of flame (19/48)
Scrolls
 e - 2 scrolls of recharging
 k - 2 scrolls of identify
 m - 3 scrolls of remove curse
 p - a scroll of magic mapping
 s - 3 scrolls of amnesia
Potions
 i - a potion of experience {unknown}
 o - 4 potions of curing
 x - a potion of ambrosia {unknown}
Comestibles
 f - 3 bread rations
 n - 3 meat rations
 v - a royal jelly


   Skills:
 + Level 5.6 Fighting
   Level 8.0 Long Blades
 * Level 4.0(4.1) Axes
 - Level 1.1(2.7) Maces & Flails
 + Level 0.8 Bows
 + Level 1.7 Throwing
 + Level 4.2 Armour
 + Level 4.4 Dodging
 + Level 2.0 Stealth
 + Level 0.5 Unarmed Combat


You had 8 spell levels left.
You didn't know any spells.

Dungeon Overview and Level Annotations

Branches:
Dungeon (10/15)            Temple (1/1) D:5
   Lair: D:8-11         Orc: D:9-12

Altars:
Cheibriados
Dithmenos
Elyvilon
Fedhas
Gozag
Hepliaklqana
Kikubaaqudgha
Makhleb
Nemelex Xobeh
Ru
Sif Muna
Xom
Yredelemnul
Zin
The Shining One

Shops:
D:6 [

Annotations:
D:10 exclusion: obsidian statue


Innate Abilities, Weirdness & Mutations

You have very sharp fingernails.
You have a pair of small horns on your head.
A weak demonic guardian rushes to your aid.
You are partially covered in sharp spines.


Message History

The quasit claws your shadow imp but does no damage. x2
The sun demon misses you.
Your shadow imp misses the quasit.
You hit the obsidian statue.
You headbutt the obsidian statue, but do no damage.
The obsidian statue is lightly damaged.
You miss the sun demon.
You break out of your daze.
You feel sick.
Your quasit bites the sun demon but does no damage.
Your quasit closely misses the sun demon.
Your quasit barely misses the sun demon.
The quasit bites your shadow imp but does no damage.
The quasit claws your shadow imp.
The quasit closely misses your shadow imp.
The shadow imp barely misses your shadow imp.
The sun demon is struck by your spines. The sun demon hits you!
* * * LOW HITPOINT WARNING * * *
You are engulfed in flames!
You die...
Xom titters!

#.............#
##...!.........#
..............#
###............#
...............#
...............#
......4.835...#
#....55@.....#
###...5.......#
..............#
..............#
..............#
.######.#######
.######.#
........#
........#


You could see an obsidian statue, a sun demon, a red devil, a quasit, a shadow
imp, a friendly quasit and a friendly shadow imp.

Vanquished Creatures
  2 hippogriffs
  Eustachio (D:6)
  An ice beast (D:8)
  A phantom (D:4)
  3 ogres (D:4)
  3 sky beasts
  A necrophage (D:6)
  A centaur (D:7)
  4 bullfrogs
  A gnoll sergeant (D:8)
  2 scorpions (D:5)
  A killer bee (D:8)
  A howler monkey (D:6)
  A bullfrog zombie (D:6)
  A centaur zombie (D:6)
  2 orc wizards
  2 bullfrog skeletons (D:5)
  2 centaur skeletons (D:6)
  5 worker ants
  A hound skeleton (D:4)
  3 gnolls (D:8)
  A howler monkey skeleton (D:5)
  A worker ant zombie (D:5)
  9 adders
  A shadow imp (D:6)
  An ooze (D:3)
  A worm (D:3)
  A dart slug (D:3)
  4 leopard geckos
  8 orcs
  9 bats
  4 giant cockroaches
  A goblin (D:1)
  3 hobgoblins
  6 jackals
  2 quokkas
  3 ball pythons
  4 frilled lizards
  6 kobolds (D:1)
  5 rats
  A fungus (D:2)
  A plant (D:2)
111 creatures vanquished.

Vanquished Creatures (collateral kills)
  Prince Ribbit (D:6)
  2 centaurs (D:6)
  2 ogres
  A crocodile (D:9)
  A wyvern skeleton (D:6)
  Ijyb (D:3)
  An orc (D:4)
  A frilled lizard (D:4)
10 creatures vanquished.

Grand Total: 121 creatures vanquished

Notes
Turn   | Place    | Note
-------+----------+-------------------------------------------
     0 | D:1      | tricornhat the Demonspawn Gladiator began the quest for the Orb.
     0 | D:1      | Reached XP level 1. HP: 16/16 MP: 1/1
   116 | D:1      | Reached skill level 3 in Long Blades
   148 | D:1      | Gained mutation: A weak demonic guardian rushes to your aid. [demonic ancestry]
   148 | D:1      | Reached XP level 2. HP: 20/22 MP: 2/2
   864 | D:2      | Reached XP level 3. HP: 23/27 MP: 3/3
  1062 | D:2      | Reached skill level 1 in Armour
  1439 | D:2      | Found a sacrificial altar of Ru.
  1543 | D:3      | Noticed Ijyb
  1561 | D:3      | Killed Ijyb
  1561 | D:3      | Gained mutation: You are partially covered in sharp spines. [demonic ancestry]
  1561 | D:3      | Reached XP level 4. HP: 26/34 MP: 4/4
  1765 | D:3      | Noticed a phantom
  2293 | D:3      | Noticed an ogre
  2299 | D:3      | Killed an ogre
  2299 | D:3      | Reached skill level 4 in Long Blades
  2299 | D:3      | Gained mutation: You have sharp fingernails. [demonic ancestry]
  2299 | D:3      | Reached XP level 5. HP: 32/39 MP: 5/5
  2417 | D:4      | Killed a phantom
  2417 | D:4      | Reached skill level 1 in Stealth
  2417 | D:4      | Reached XP level 6. HP: 31/47 MP: 6/6
  2589 | D:4      | Reached skill level 5 in Long Blades
  3265 | D:4      | Gained mutation: You have very sharp fingernails. [demonic ancestry]
  3265 | D:4      | Reached XP level 7. HP: 40/52 MP: 7/7
  3322 | D:5      | Entered Level 5 of the Dungeon
  3403 | D:5      | Found a staircase to the Ecumenical Temple.
  3416 | Temple   | Entered the Ecumenical Temple
  3470 | Temple   | Became a worshipper of Xom of Bone-Dry Humour
  3580 | D:5      | Reached skill level 6 in Long Blades
  3828 | D:5      | XOM: harmless Hex miscast
  3850 | D:5      | XOM: mild Air miscast
  3975 | D:5      | XOM: noise
  3997 | D:5      | XOM: harmless Chrm miscast
  4015 | D:5      | XOM: divination: detect items
  4079 | D:5      | Found a sparkling altar of Nemelex Xobeh.
  4174 | D:6      | XOM: enchant monster (good)
  4179 | D:6      | Reached XP level 8. HP: 61/61 MP: 8/8
  4198 | D:6      | Noticed Eustachio
  4217 | D:6      | XOM: potion effect (might)
  4224 | D:6      | Killed Eustachio
  4224 | D:6      | Reached skill level 7 in Long Blades
  4255 | D:6      | Found Gogegg's Armour Shop.
  4309 | D:6      | XOM: potion effect (agility)
  4457 | D:6      | XOM: mild Chrm miscast
  4622 | D:6      | Noticed Prince Ribbit
  4625 | D:6      | Reached skill level 5 in Fighting
  4632 | D:6      | Killed Prince Ribbit
  4632 | D:6      | Reached skill level 8 in Long Blades
  4720 | D:6      | You fall through a shaft for 3 floors!
  4736 | D:9      | Reached skill level 1 in Axes
  4834 | D:8      | Reached skill level 1 in Maces & Flails
  4861 | D:8      | Noticed a hippogriff
  4861 | D:8      | XOM: cast spell 'Spider Form'
  4867 | D:8      | XOM: divination: detect creatures
  5064 | D:7      | XOM: harmless Air miscast
  5128 | D:8      | Killed a hippogriff
  5128 | D:8      | Gained mutation: You have a pair of small horns on your head. [demonic ancestry]
  5128 | D:8      | Reached XP level 9. HP: 34/68 MP: 9/9
  5284 | D:8      | XOM: scenery: create altars
  5814 | D:9      | Found a white marble altar of Elyvilon.
  5893 | D:9      | XOM: cast spell 'Confusing Touch'
  5925 | D:10     | Entered Level 10 of the Dungeon
  5944 | D:10     | XOM: harmless Ice miscast
  5955 | D:10     | Noticed an obsidian statue
  5965 | D:10     | Noticed a sun demon
  5965 | D:10     | Noticed a red devil
  5970 | D:10     | Slain by a sun demon

Skill      XL: |  1  2  3  4  5  6  7  8  9 |
---------------+----------------------------+-----
Long Blades    | 3 4 5 6 8 |  8.0
Dodging        | 3 4 |  4.4
Armour         | 1 2 3 4 |  4.2
Fighting       | 3 4 5 |  5.6
Stealth        | 1 2 |  2.0
Axes           | 2 4 |  4.0
Maces & Flails | 1 |  1.1
Bows           | |  0.8
Throwing       | |  1.7
Unarmed Combat | |  0.5

Action                   |  1- 3 |  4- 6 |  7- 9 || total
-------------------------+-------+-------+-------++-------
Melee: Long sword        |   151 |    68 |    84 ||   303
       War axe           |       |       |    80 ||    80
       Unarmed           |       |       |     3 ||     3
       Headbutt          |       |       |    11 ||    11
 Fire: Shortbow          |       |       |     3 ||     3
  Use: Scroll            |       |     2 |    13 ||    15
       Potion            |       |       |     4 ||     4
 Stab: Distracted        |       |       |     1 ||     1
  Eat: Fruit             |     2 |       |       ||     2
       Chunk             |     1 |       |       ||     1
       Bread ration      |       |     1 |     2 ||     3
       Beef jerky        |       |       |     1 ||     1
Armor: Leather armour    |    29 |       |       ||    29
       Scale mail        |    18 |     8 |    46 ||    72
Dodge: Dodged            |    88 |    39 |   178 ||   305
Block: Shield            |       |       |     3 ||     3
       Rpst.: Long sword |    33 |    12 |    25 ||    70
